 Dungeon Crawl Stone Soup version 0.26-a0-708-g17f3b190f9 (webtiles) character file.

Game seed: 2106034189062604456

81 jesuscristo the Poker (level 4, -2/33 HPs)
             Began as a Demonspawn Gladiator on Oct 27, 2020.
             Slain by an orc wizard
             ... wielding a +0 dagger of protection
              (3 damage)
             ... on level 3 of the Dungeon.
             The game lasted 00:03:43 (2267 turns).

jesuscristo the Poker (Demonspawn Gladiator)        Turns: 2267, Time: 00:03:43

Health: -2/33      AC:  3    Str: 15    XL:     4   Next: 20%
Magic:  4/4        EV: 12    Int: 10    God:
Gold:   111        SH:  0    Dex: 14    Spells: 3/3 levels left

rFire    . . .     SeeInvis .   a - +0 trident
rCold    . . .     Faith    .   (no shield)
rNeg     . . .     Spirit   .   o - +0 leather armour
rPois    .         Reflect  .   (helmet restricted)
rElec    .         Harm     .   (no cloak)
rCorr    .         Rampage  .   (no gloves)
MR       .....                  (no boots)
Stlth    +.........             (no amulet)
HPRegen  0.11/turn              (no ring)
MPRegen  0.09/turn              (no ring)

@: no status effects
A: antennae 1, claws 1
a: no special abilities


You were on level 3 of the Dungeon.
You visited 1 branch of the dungeon, and saw 3 of its levels.

You collected 111 gold pieces.

Inventory:

Hand Weapons
 a - a +0 trident (weapon)
 b - a +2 short sword of electrocution
Missiles
 d - 3 throwing nets (quivered)
Armour
 o - a +0 leather armour (worn)
Scrolls
 c - a scroll of remove curse {unknown}
 e - 3 scrolls of identify {unknown}
 f - 2 scrolls of amnesia {unknown}
 g - 2 scrolls of teleportation {unknown}
 j - 2 scrolls of noise {unknown}
 k - a scroll of blinking {unknown}
Potions
 h - a potion of magic
 i - 2 potions of brilliance {unknown}
 l - a potion of heal wounds {unknown}
 m - a potion of mutation {unknown}


   Skills:
 - Level 2.0 Fighting
 * Level 4.6 Polearms
 - Level 1.7 Throwing
 - Level 2.7 Dodging


You had 3 spell levels left.
You didn't know any spells.
Your spell library contained the following spells:

 Spells                   Type           Power        Failure   Level
 Animate Skeleton         Necr           #.....       43%         1
 Pain                     Necr           #...         43%         1
 Vampiric Draining        Necr           #.........   80%         3
 Animate Dead             Necr           #.........   99%         4
 Agony                    Necr           #.......     100%        5


Dungeon Overview and Level Annotations

Branches:
Dungeon (3/15)

Altars:
Ashenzari
Fedhas
Makhleb
Nemelex Xobeh


Innate Abilities, Weirdness & Mutations

You have a pair of small antennae on your head.
You have sharp fingernails.


Message History

An orc priest comes into view. It is wielding a +0 flail.
The orc wizard hits you but does no damage.
You closely miss the orc wizard.
The orc wizard is lightly wounded.
The orc wizard casts a spell at you. The puff of flame hits you!
* * * LOW HITPOINT WARNING * * *
An orc comes into view. It is wielding a +0 whip.
You are too injured to fight recklessly!
You are too injured to fight recklessly!
The orc wizard casts a spell at you. The magic dart hits you.
* * * LOW HITPOINT WARNING * * *
The orc wizard hits you but does no damage.
The orc wizard casts a cantrip, but nothing happens.
It was a potion of magic.
Magic courses through your body.
The orc wizard hits you with a +0 dagger of protection.
* * * LOW HITPOINT WARNING * * *
The orc wizard hits you with a +0 dagger of protection.
You die...

#.# #.# #.# #.# #.#
#.# . # #.# ... .##.#
###########..# ....#
#.....#.@....#
..).#####.###.#o#....#
≈.#.........#[#.#..#.#
≈.#.##....#.#.#o#..# #
≈.#.##....#.#.#.#..#
..#.##....#.#.#.#..#
(...##....#.#.#.#..#
(.........#...#o#..#
#.#.......#####.#..#


You could see an orc priest, an orc wizard (fast) and an orc.

Vanquished Creatures
  2 adders
  An ufetubus (D:2)
  2 worms
  3 leopard geckos
  3 giant cockroaches
  6 goblins
  9 hobgoblins
  3 bats
  3 frilled lizards
  6 kobolds
  10 rats
48 creatures vanquished.

Notes
Turn   | Place    | Note
-------+----------+-------------------------------------------
     0 | D:1      | jesuscristo the Demonspawn Gladiator began the quest for
                  | the Orb.
     0 | D:1      | Reached XP level 1. HP: 16/16 MP: 1/1
   110 | D:1      | Reached skill level 3 in Polearms
   270 | D:1      | Gained mutation: You have sharp fingernails. [demonic
                  | ancestry]
   270 | D:1      | Reached XP level 2. HP: 16/22 MP: 2/2
  1148 | D:2      | Upgraded the game from 0.26-a0-707-g31817bcca1 to
                  | 0.26-a0-708-g17f3b190f9
  1148 | D:2      | Reached XP level 3. HP: 20/27 MP: 3/3
  1251 | D:2      | Reached skill level 4 in Polearms
  1286 | D:2      | Found a broken altar of Ashenzari.
  1288 | D:2      | Found a burning altar of Makhleb.
  1382 | D:2      | Found a sparkling altar of Nemelex Xobeh.
  1879 | D:3      | Gained mutation: You have a pair of small antennae on your
                  | head. [demonic ancestry]
  1879 | D:3      | Reached XP level 4. HP: 26/33 MP: 4/4
  2178 | D:3      | Found a blossoming altar of Fedhas.
  2267 | D:3      | HP: 1/33 [orc wizard/+0 dagger of protection (2)]
  2267 | D:3      | Slain by an orc wizard

Illustrated notes

Levels and vault maps discovered:
D:1:      scummos_arrival_star, layout_loops_ring, nrook_loot_triangle
D:2:      layout_basic, nemelex_xobeh_ov_fountains_minmay,
          nicolae_overflow_hidden_temple, chequers_avenue
D:3:      layout_basic, fedhas_ov_isle_minmay, uniq_crazy_yiuf_cottage,
          uniq_jessica

Skill      XL: |  1  2  3 |
---------------+----------+-----
Polearms       | 3 4 |  4.6
Fighting       | |  2.0
Throwing       | |  1.7
Dodging        | |  2.7

Action                   |  1- 3 |  4- 6 || total
-------------------------+-------+-------++-------
Melee: Trident           |    73 |     9 ||    82
       Short sword       |    48 |     6 ||    54
  Use: Potion            |       |     1 ||     1
 Stab: Sleeping          |     1 |       ||     1
Armor: Leather armour    |    22 |       ||    22
Dodge: Dodged            |    57 |     9 ||    66

Table legend: (Time is in decaauts)
 A = Elapsed time spent in this place.
 B = Non-inter-level travel time spent in this place.
 C = Inter-level travel time spent in this place.
 D = Time resting spent in this place.
 E = Time spent auto-exploring this place.
 F = Levels seen in this place.
 G = Mean time per level.
                   A        B        C        D        E       F      G
               +--------+--------+--------+--------+--------+-----+--------+
         Total |   2277 |   2259 |     18 |      0 |   1936 |   3 |  759.0 |
       Dungeon |   2277 |   2259 |     18 |      0 |   1936 |   3 |  759.0 |
               +--------+--------+--------+--------+--------+-----+--------+

Top non-repeatable levels by time:
     D:1: 1060 daAuts
     D:2: 821 daAuts
     D:3: 395 daAuts
